 Dungeon Sprint DCSS version 0.30-a0-711-gf4ac18a38d (webtiles) character file.

Game seed: 4878512919871595388

0 rocky1 the Shield-Bearer (level 1, -3/19 HPs)
             Began as a Minotaur Fighter on Jan 23, 2023.
             Was an Initiate of Gozag.
             Killed from afar by an orc wizard (5 damage)
             ... with a puff of flame
             ... in the Dungeon (Sprint VI: "Thunderdome").
             The game lasted 00:01:06 (143 turns).

rocky1 the Shield-Bearer (Minotaur Fighter)          Turns: 143, Time: 00:01:07

Health: -3/19      AC:  6    Str: 20    XL:     1   Next: 75%
Magic:  0/0        EV:  9    Int:  5    God:    Gozag
Gold:   290        SH:  4    Dex:  9    Spells: 0/0 levels left

rFire   . . .      SeeInvis .    a - +0 war axe
rCold   . . .      Faith    .    c - +0 buckler
rNeg    . . .      Spirit   .    b - +0 scale mail
rPois   .          Reflect  .    (helmet restricted)
rElec   .          Harm     .    (no cloak)
rCorr   .          Rampage  .    (no gloves)
Will    .....      NoTele   +    (no boots) Stlth
                                 (no amulet)
HPRegen 0.23/turn                (no ring)
MPRegen 0.07/turn                (no ring)

@: no status effects
A: horns 2, retaliatory headbutt
a: Renounce Religion, Potion Petition, Call Merchant, Bribe Branch


You were in the Dungeon.
You worshipped Gozag.
Gozag was aware of your devotion.
You visited 1 branch You collected 290 gold pieces.

Inventory:

Hand Weapons
 a - a +0 war axe (weapon)
Armour
 b - a +0 scale mail (worn)
 c - a +0 buckler (worn)
Wands
 l - a wand of acid (5)
 m - a wand of iceblast (5)
Scrolls
 j - 4 scrolls of blinking
 n - 3 scrolls of fog
Potions
 d - a potion of might
 e - a potion of curing
 f - 2 potions of heal wounds
 g - 4 potions of haste
 h - 2 potions of magic
 i - a potion of berserk rage
 k - a potion of resistance


   Skills:
 - Level 3.6 Fighting
 * Level 3.7 Axes
 - Level 3.6 Armour
 + Level 4.9 Shields


You couldn't memorise any spells.
You didn't know any spells.
Your spell library was empty.

Dungeon Overview and Level Annotations

Branches:
Dungeon (1/1)

Altars:
Cheibriados
Dithmenos
Fedhas
Gozag
Kikubaaqudgha
Makhleb
Okawaru
Qazlal
Ru
Sif Muna
Trog
Uskayaw
Vehumet
Wu Jian
Xom
Yredelemnul
Zin
The Shining One
Lugonu

Shops:
D *[??*?*:[((!!!!


Innate Abilities, Weirdness & Mutations

You have a pair of horns on your head.
You reflexively headbutt those who attack you in melee.


Message History

You closely miss something. Your headbutt misses something. 50...
Something hits you.
You bump into the granite statue.
Something hits you but does no damage.
You feel less confused. Something hits you.
Things that are here:
a +0 trident; a +0 ring mail Something hits you but does no damage.
Things that are here:
45 gold pieces; a +0 flail; a +0 leather armour You barely miss something.
You hear some strange, mumbled words.
A puff of flame appears from out of thin air!
The puff of flame hits you.
You miss something. Your headbutt misses something. Something hits you.
* * * LOW HITPOINT WARNING * * *
You hear some strange, mumbled words.
You are confused.
You closely miss something. Your headbutt misses something.
Something hits you but does no damage.
You feel much better. Something hits you.
You barely miss something. Your headbutt misses something.
You hear some strange, mumbled words.
Something tries to affect you, but you resist.
You closely miss something.
You hear some strange, mumbled words.
A puff of flame appears from out of thin air!
The puff of flame hits you!
You hear some strange, mumbled words.
A puff of flame appears from out of thin air!
The puff of flame hits you.
* * * LOW HITPOINT WARNING * * *
You completely miss something.
You feel less confused.
You hear some strange, mumbled words.
A puff of flame appears from out of thin air!
The puff of flame hits you.
You die...
Your body crumbles into a pile of gold.

####.8.........8.######
.._......###......___∩##
.......8.# #.8........∩###
.........###.............##
......###...###..........⌠#
......# #.<.# #..........⌠#
......###...###..........⌠#
.........###.............##
.......8.# #.8.{@.....∩###
___......###....)..__∩##
####.8.........8.######
#⌠...........⌠#
###.........### #_........#
#_......._# #_......._#
#∩.......∩#


There were no monsters in sight!

Vanquished Creatures
  3 orcs (D)
3 creatures vanquished.

Notes
Turn   | Place    | Note
-------+----------+-------------------------------------------
     0 | D        | rocky1 the Minotaur Fighter began the quest for the Orb.
     0 | D        | Reached XP level 1. HP: 19/19 MP: 0/0
     3 | D        | Found a shadowy altar of Dithmenos.
     3 | D        | Found a blossoming altar of Fedhas.
     4 | D        | Found a burning altar of Makhleb.
     4 | D        | Found a sacrificial altar of Ru.
     5 | D        | Found an iron altar of Okawaru.
     5 | D        | Found a bloodstained altar of Trog.
     5 | D        | Round 1.
     6 | D        | Found a glowing silver altar of Zin.
     6 | D        | Found Geunynin's Premium Goods.
     6 | D        | Found Anuf's Weapon Rack.
     7 | D        | Found Figamof's Miscellaneous Merchandise.
     7 | D        | Found Meupp's Basic Armour.
    10 | D        | Found an ancient bone altar of Kikubaaqudgha.
    11 | D        | Found an opulent altar of Gozag.
    13 | D        | Found Cuih's Do-It-Yourself Clinic.
    14 | D        | Found Ebeusm's Bottled Wisdom.
    14 | D        | Found Ekikiu Seas's Distillery.
    20 | D        | Became a worshipper of Gozag Ym Sagoz the Greedy
    23 | D        | Reached skill level 4 in Shields
    25 | D        | Found an ornate altar of the Wu Jian Council.
    25 | D        | Found a corrupted altar of Lugonu.
    25 | D        | Found a snail-covered altar of Cheibriados.
    25 | D        | Found Kegiqu's Distillery.
    74 | D        | Found a shimmering blue altar of Sif Muna.
    75 | D        | Found a basalt altar of Yredelemnul.
    78 | D        | Found Joablad's Staff Store.
    79 | D        | Found Cagem's Must-Have Magic.
    79 | D        | Found Hoodegh's Magic Scroll Shop.
    80 | D        | Found a shimmering altar of Xom.
    80 | D        | Found a stormy altar of Qazlal.
    80 | D        | Found a glowing golden altar of the Shining One.
    80 | D        | Found Tirung's Magic Scroll Shop.
    84 | D        | Found a radiant altar of Vehumet.
    89 | D        | Found a hide-covered altar of Uskayaw.
    89 | D        | Found Surobegh's Identification Station.
    91 | D        | Found Diolarph's Jewellery.
    91 | D        | Found Luitore's Advanced Armour.
   108 | D        | Noticed an orc wizard
   143 | D        | Killed from afar by an orc wizard

Illustrated notes

Levels and vault maps discovered:
D:        arena_sprint

Skill      XL: |  1 |
---------------+----+-----
Axes           | 3 |  3.7
Shields        | 4 |  4.9
Fighting       | |  3.6
Armour         | |  3.6

Action                     || total
---------------------------++-------
  Melee: War axe           ||    24
         Headbutt          ||     1
    Use: Potion            ||     2
 Armour: Scale mail        ||    11
  Dodge: Dodged            ||     1
  Block: Buckler           ||     2

Table legend: (Time is in decaauts)
 A = Elapsed time spent in this place.
 B = Non-inter-level travel time spent in this place.
 C = Inter-level travel time spent in this place.
 D = Time resting spent in this place.
 E = Time spent auto-exploring this place.
 F = Levels seen in this place.
 G = Mean time per level.
                   A        B        C        D        E       F      G
               +--------+--------+--------+--------+--------+-----+--------+
         Total |    151 |    151 |      0 |     34 |      0 |   1 |  151.0 |
       Dungeon |    151 |    151 |      0 |     34 |      0 |   1 |  151.0 |
               +--------+--------+--------+--------+--------+-----+--------+

Top non-repeatable levels by time:
       D: 151 daAuts
